 Dungeon Sprint DCSS version 0.30.1-5-ged363bc7ee (webtiles) character file.

Game seed: 6172133922837332381

1087 Heoruswealwe the Eclecticist (level 8, -3/41 HPs)
             Began as a Deep Elf Conjurer on Sept 19, 2023.
             Was a Follower of Vehumet.
             Slain by a death cob (27 damage)
             ... in the Dungeon (Sprint V: "Ziggurat Sprint").
             The game lasted 00:07:38 (241 turns).

Heoruswealwe the Eclecticist (Deep Elf Conjurer)     Turns: 241, Time: 00:07:39

Health: -3/41      AC:  2    Str:  4    XL:     8   Next: 9%
Magic:  15/30      EV: 12    Int: 38    God:    Vehumet [*.....]
Gold:   0          SH:  0    Dex: 13    Spells: 24/39 levels left

rFire   . . .        b - +27 heavy crossbow "Sniper" {heavy, Acc+∞ SInv}
rCold   . . .        (shield currently unavailable)
rNeg    . . .        c - +0 robe
rPois   .            (no helmet)
rElec   .            (no cloak)
rCorr   .            (no gloves)
SInv    +            (no boots)
Will    .....        (no amulet)
Stlth   ++           k - +6 ring of intelligence
HPRegen 0.26/turn    j - +6 ring of intelligence
MPRegen 0.22/turn

%: no teleportation
@: slowed, very slow
A: no striking features
a: Renounce Religion


You were in the Dungeon.
You worshipped Vehumet.
Vehumet was aware of your devotion.
You visited 1 branch

Inventory:

Hand Weapons
 b - the +27 heavy crossbow "Sniper" (weapon) {heavy, Acc+∞ SInv}
   (You found it in the Dungeon)

   Acc+∞: It never misses its target.
   SInv:      It lets you see invisible.
Armour
 c - a +0 robe (worn)
Magical Staves
 o - a staff of cold
 q - a staff of earth
Jewellery
 f - the ring of Red Wine {Wiz Str+3}
   (You found it in the Dungeon)

   [ring of wizardry]

   It improves your spell success rate.
   Str:       It affects your strength (+3).
 j - a +6 ring of intelligence (right hand)
 k - a +6 ring of intelligence (left hand)
Scrolls
 g - 4 scrolls of blinking
 m - 4 scrolls of amnesia
Potions
 a - 10 potions of curing
 d - 10 potions of heal wounds
 e - 10 potions of haste
 h - 2 potions of brilliance
 i - 2 potions of invisibility
 l - 5 potions of might
 x - 4 potions of resistance
 B - 7 potions of magic
Miscellaneous
 A - a lightning rod (4/4)


   Skills:
 - Level 2.4 Dodging
 - Level 2.4 Stealth
 + Level 16.4 Spellcasting
 + Level 14.4 Conjurations


You had 24 spell levels left.
You knew the following spells:

 Your Spells              Type           Power      Damage    Failure   Level
a - Magic Dart            Conj           100%       1d8       0%          1
b - Shock                 Conj/Air       100%       1d9       1%          1
c - Searing Ray           Conj           100%       2d8       0%          2
d - Dazzling Flash        Conj/Hex       100%       N/A       1%          3
e - Iskenderun's Mystic   Conj/Tloc      72%        2d15      1%          4
f - Fulminant Prism       Conj/Hex       36%        3d17      1%          4

Your spell library contained the following spells:

 Spells                   Type           Power      Damage    Failure   Level
 Simulacrum               Ice/Necr       15%        N/A       85%         6
 Ozocubu's Refrigeration  Ice            15%        4d10      100%        7
 Polar Vortex             Ice            15%        N/A       100%        9


Dungeon Overview and Level Annotations

Branches:
Dungeon (1/1)

Altars:
Ashenzari
Cheibriados
Dithmenos
Elyvilon
Fedhas
Gozag
Hepliaklqana
Kikubaaqudgha
Makhleb
Nemelex Xobeh
Okawaru
Qazlal
Ru
Sif Muna
Trog
Uskayaw
Vehumet
Wu Jian
Xom
Yredelemnul
Zin
The Shining One
Jiyva
Lugonu

Annotations:
D 1 transporter


Message History

The death cob collides with the draconian!
The draconian is lightly wounded.
The death cob is moderately damaged.
The draconian roars!
Casting: Iskenderun's Mystic Blast (dangerous; 1% risk of failure)
Confirm with . or Enter, or press ? or * to list all spells.
You erupt in a blast of force!
The mystic blast hits the death cob!
The death cob is heavily damaged.
The death cob is knocked back by the mystic blast.
The death cob collides with the yellow draconian!
The yellow draconian is lightly wounded.
The death cob is heavily damaged.
The death cob hits you!! The death cob drains your vigour!
You feel yourself slow down.
Casting: Iskenderun's Mystic Blast (dangerous; 1% risk of failure)
Confirm with . or Enter, or press ? or * to list all spells.
You erupt in a blast of force!
The mystic blast hits the yellow draconian!
The yellow draconian is moderately wounded.
The yellow draconian is knocked back by the mystic blast.
The mystic blast hits the draconian!!
The draconian is moderately wounded.
The draconian is knocked back by the mystic blast.
The mystic blast hits the death cob!
The death cob is heavily damaged.
The death cob is knocked back by the mystic blast.
Casting: Iskenderun's Mystic Blast (dangerous; 1% risk of failure)
Confirm with . or Enter, or press ? or * to list all spells.
You erupt in a blast of force!
The mystic blast hits the draconian.
The draconian is lightly wounded.
The draconian is knocked back by the mystic blast.
The mystic blast hits the death cob!
The death cob is severely damaged.
The death cob is knocked back by the mystic blast.
The death cob collides with the draconian!
The draconian is moderately wounded.
The death cob is almost destroyed.
The death cob hits you!!
Ouch! That really hurt!
You die...

▓▓▓▓▓▓▓▓▓▓▓▓▓▓▓▓▓▓▓
▓.8©8.▓.8©8.▓.8©8.▓
▓d)[|.▓.....▓.....▓
▓..d..▓.....▓.....▓
▓..d..▓.....▓.....▓
▓.....▓.....▓..†..▓
▓..z..▓.....▓..©..▓
▓..@..▓..©..▓▓▓▓▓▓▓
▓▓▓▓▓▓▓▓▓▓▓▓▓


You could see a yellow draconian, a death cob and 2 draconians.

Vanquished Creatures
  3 toenail golems (D)
  2 scorpions (D)
5 creatures vanquished.

Notes
Turn   | Place    | Note
-------+----------+-------------------------------------------
     0 | D        | Heoruswealwe the Deep Elf Conjurer began the quest for the
                  | Orb.
     0 | D        | Reached XP level 1. HP: 10/10 MP: 6/6
     0 | D        | Found a shimmering blue altar of Sif Muna.
     0 | D        | Found a sacrificial altar of Ru.
     0 | D        | Found a bloodstained altar of Trog.
     0 | D        | Found a stormy altar of Qazlal.
     0 | D        | Found an iron altar of Okawaru.
     0 | D        | Found a sparkling altar of Nemelex Xobeh.
     0 | D        | Found a blossoming altar of Fedhas.
     0 | D        | Found the +6 Majin-Bo {spellvamp, MP+6 Int+6}
     0 | D        | Found the +27 heavy crossbow "Sniper" {heavy, Acc+∞ SInv}
     0 | D        | Found the +10 dark maul {heavy}
     0 | D        | Found the +15 Maxwell's patent armour {-Cast -Tele rElec
                  | Will+ rCorr}
     0 | D        | Found the +18 shield of the Gong {Loud rN+ Will+ rCorr
                  | EV-5}
     0 | D        | Found the +16 obsidian axe {drain, demonic, Mesm Drain Fly
                  | SInv}
     0 | D        | Found the +7 great mace "Firestarter" {flame, immolate,
                  | rFlCloud rF++}
     0 | D        | Found the +6 shillelagh "Devastator" {shatter}
     0 | D        | Found the +11 plutonium sword {Contam Stlth-}
     0 | D        | Found the +8 lance "Wyrmbane" {slay drac, rPois rF+ rC+
                  | AC+3}
     0 | D        | Found the +9 sword of Zonguldrok {reap}
     0 | D        | Found the +13 scythe of Curses {drain, curses, Drain}
     0 | D        | Found the +9 sword of Power {lifebolt}
     0 | D        | Found the +7 mace of Variability {chaos, chaos arc}
     0 | D        | Found the +11 Singing Sword {sonic wave}
     0 | D        | Found the +8 storm bow {elec, penet}
     2 | D        | Found a transporter.
     2 | D        | Found an ancient bone altar of Kikubaaqudgha.
     2 | D        | Found a viscous altar of Jiyva.
     2 | D        | Found a corrupted altar of Lugonu.
     2 | D        | Found a hazy altar of Hepliaklqana.
     2 | D        | Found a burning altar of Makhleb.
     2 | D        | Found an opulent altar of Gozag.
    56 | D        | Reached skill level 7 in Spellcasting
    56 | D        | Reached XP level 2. HP: 15/15 MP: 6/12
    60 | D        | Learned a level 2 spell: Searing Ray
    65 | D        | Became a worshipper of Vehumet
   108 | D        | Entered arena 2.
   108 | D        | Noticed a scorpion
   108 | D        | Noticed a scorpion
   108 | D        | Found a transporter.
   109 | D        | Killed a scorpion
   110 | D        | Reached skill level 9 in Spellcasting
   110 | D        | Reached XP level 3. HP: 14/19 MP: 12/15
   110 | D        | Reached XP level 4. HP: 18/24 MP: 13/17
   110 | D        | Killed a scorpion
   111 | D        | Reached skill level 10 in Spellcasting
   115 | D        | Learned a level 3 spell: Dazzling Flash
   120 | D        | Learned a level 4 spell: Fulminant Prism
   125 | D        | Learned a level 4 spell: Iskenderun's Mystic Blast
   184 | D        | Entered arena 3.
   184 | D        | Noticed a toenail golem
   184 | D        | Noticed a toenail golem
   184 | D        | Noticed a toenail golem
   184 | D        | Found a transporter.
   189 | D        | Killed a toenail golem
   189 | D        | Reached * piety under Vehumet
   189 | D        | Offered knowledge of Shock by Vehumet.
   190 | D        | Reached skill level 13 in Spellcasting
   190 | D        | Reached XP level 5. HP: 28/28 MP: 2/23
   190 | D        | Reached XP level 6. HP: 32/32 MP: 2/24
   193 | D        | Killed a toenail golem
   194 | D        | Reached skill level 15 in Spellcasting
   194 | D        | Reached XP level 7. HP: 27/36 MP: 17/27
   194 | D        | Killed a toenail golem
   195 | D        | Reached skill level 16 in Spellcasting
   195 | D        | Reached XP level 8. HP: 32/41 MP: 21/30
   197 | D        | Learned a level 1 spell: Shock
   206 | D        | Got the ring of Red Wine {Wiz Str+3}
   237 | D        | Entered arena 4.
   237 | D        | Noticed a yellow draconian
   237 | D        | Noticed a draconian
   237 | D        | Noticed a draconian
   237 | D        | Noticed a death cob
   237 | D        | Found a transporter.
   241 | D        | Slain by a death cob

Illustrated notes

Levels and vault maps discovered:
D:        sprint_v [room_start, room_1, room_2, room_3, room_4, room_5, room_6,
          room_7, room_8, room_9, room_10, room_11, room_12, room_13, room_14,
          room_15, room_16, room_17, room_18, room_19, room_20, room_21,
          room_22, room_23, room_24, room_25, room_26, room_27]

Skill      XL: |  1  2  3  4  5  6  7 |
---------------+----------------------+-----
Spellcasting   | 7 9 13 15 16 | 16.4
Conjurations   | 7 8 12 13 14 | 14.4
Dodging        | |  2.4
Stealth        | |  2.4

Action                     |  1- 3 |  4- 6 |  7- 9 || total
---------------------------+-------+-------+-------++-------
   Fire: Heavy crossbow    |     1 |     3 |     1 ||     5
   Cast: Iskenderun's Myst |       |     6 |     4 ||    10
    Use: Potion            |     1 |     1 |       ||     2
 Armour: Robe              |     1 |       |       ||     1
  Dodge: Dodged            |     2 |     7 |       ||     9
